cohdb
Replays
Latest Replays
All Replays
Popular Replays
Top Player Replays
Match Explorer
How It Works
Community
CoH3 Stats
Reddit
Sign in to upload your games and track your stats! →
Sign in with Steam
Match 39347729
Unlisted
Match 39347729
Overview
Messages
Build Orders
End
Construct Section Command Post
Selects Indian Artillery Battlegroup
Infantry Section
Infantry Section
Infantry Section
Infantry Section
Construct Field Infirmary
Grenade Package
Selects Valour
Construct Platoon Command Post
Infantry Training
6-pounder Anti-tank Gun Team
Selects Artillery Saturation
Jimbobloft
eliabdeuel
godsarmylds
Fey Mood
Nuclear Viking
rebelguy12
gorma
DerFlausi
0
0
Comments
sign in to comment!
No comments posted yet!